Map: Ever Dream LE

Players

DPGPartinG (PartinG)

  • Race: Protoss Protoss
  • League: Grandmaster
  • Spawn Location: 7:00

DynaMite - Winner!

  • Race: Terran Terran
  • League: Master
  • Spawn Location: 1:00

VOD

Have the link to the VOD?

Description

Time

  • Played on: March 26, 2020, 6:24 a.m.
  • Length: 10:53
Show
View Real Time Build Order
Export as new Build Order

DPGPartinG Protoss 

Build Orders: 1 Gate Expand, Blink Stalkers 

Get SALT Encoding   

  12  0:07  Pylon  
  12  0:12  Probe  
  13  0:25  Gateway  
  13  0:29  Probe (Chrono Boost)  
  14  0:39  Probe (Chrono Boost), Assimilator  
  15  0:43  Probe (Chrono Boost)  
  16  0:55  Probe  
  17  1:07  Probe  
  18  1:12  Cybernetics Core  
  18  1:20  Probe  
  19  1:32  Probe  
  20  1:34  Nexus  
  20  1:43  Pylon  
  20  1:46  Adept (Chrono Boost)  
  20  1:52  Warp Gate  
  22  1:56  Probe  
  23  2:02  Assimilator  
  23  2:06  Stalker (Chrono Boost)  
  23  2:12  Probe  
  26  2:24  Probe  
  26  2:29  Stalker  
  29  2:36  Probe  
  30  2:48  Probe (Chrono Boost)  
  30  2:49  Twilight Council  
  32  2:54  Probe (Chrono Boost)  
  33  2:58  Probe (Chrono Boost)  
  33  3:02  Probe (Chrono Boost)  
  33  3:03  Probe (Chrono Boost)  
  33  3:13  Probe  
  33  3:15  Probe, Gateway  
  33  3:19  Gateway  
  35  3:26  Blink (Chrono Boost)  
  35  3:29  Probe x2  
  37  3:37  Pylon  
  37  3:40  Stalker  
  39  3:42  Probe x2  
  40  3:54  Probe  
  41  3:57  Assimilator  
  41  3:58  Gateway  
  40  4:06  Probe x2  
  40  4:09  Sentry  
  44  4:12  Robotics Facility  
  44  4:17  Pylon  
  44  4:18  Probe x2  
  44  4:21  Stalker  
  44  4:23  Stalker  
  50  4:31  Probe x2  
  51  4:33  Pylon  
  50  4:43  Stalker  
  51  4:55  Stalker x2  
  51  4:58  Probe  
  54  5:04  Pylon, Phoenix  
  54  5:13  Probe x2  
  55  5:15  Observer  
  56  5:24  Stalker  
  56  5:25  Probe x2, Stalker  
  62  5:32  Stalker  
  64  5:37  Probe  
  64  5:38  Probe  
  64  5:39  Stalker  
  68  5:45  Pylon  
  68  5:46  Pylon  
  68  5:51  Stalker x2  
  70  6:05  Stalker x2  
  70  6:06  Probe x2  
  70  6:10  Warp Prism  
  78  6:19  Observer  
  78  6:23  Probe x2  
  80  6:26  Assimilator  
  80  6:28  Robotics Bay  
  80  6:30  Stalker  
  80  6:32  Zealot x3  
  86  6:41  Probe  
  86  6:42  Probe  
  86  6:53  Nexus  
  86  6:57  Pylon  
  84  7:12  Colossus (Chrono Boost)  
  84  7:13  Stalker x4  
  88  7:20  Probe x2  
  88  7:24  Extended Thermal Lance (Chrono Boost)  
  82  7:37  Stalker x2  
  86  7:54  Colossus (Chrono Boost)  
  92  8:01  Zealot  
  93  8:16  Gateway  
  93  8:17  Gateway  
  93  8:19  Pylon  
  93  8:20  Pylon  
  93  8:21  Pylon  
  93  8:24  Pylon  
  93  8:25  Observer  
  91  8:35  Colossus (Chrono Boost)  
  95  8:41  Sentry x2  
  95  8:42  Sentry  
  95  8:43  Zealot  
  103  8:59  Observer  
  103  9:00  Gateway  
  103  9:02  Gateway  
  101  9:06  Stalker x2  
  101  9:08  Stalker  
  107  9:13  Warp Prism  
  109  9:19  Pylon  
  109  9:20  Pylon  
  109  9:39  Stalker x3  
  109  9:40  Stalker x2  
  109  9:41  Stalker  
  120  10:03  Stalker x3  
  126  10:10  Pylon x2  
  124  10:20  Sentry  
  126  10:33  Stalker x4  
  126  10:34  Stalker  
  92  10:44  Stalker x6  
Show
View Real Time Build Order
Export as new Build Order

DynaMite Terran - Winner!

Build Orders: Reaper Expand 

Get SALT Encoding   

  12  0:00  SCV  
  13  0:12  SCV  
  14  0:17  Supply Depot  
  14  0:24  SCV  
  15  0:38  SCV  
  15  0:40  Barracks  
  16  0:43  Refinery  
  16  0:50  SCV  
  17  1:02  SCV  
  18  1:14  SCV  
  19  1:27  Orbital Command, Reaper  
  20  1:45  Command Center  
  20  1:52  Supply Depot  
  20  1:53  SCV  
  21  1:59  Marine  
  22  2:05  SCV  
  23  2:08  Factory  
  23  2:13  Refinery  
  23  2:17  Bunker  
  23  2:18  SCV  
  23  2:22  Barracks Reactor  
  24  2:30  SCV  
  25  2:42  SCV  
  25  2:54  SCV  
  25  2:57  Hellion  
  25  2:58  Marine x2  
  27  2:59  Starport  
  27  3:01  Orbital Command  
  29  3:06  SCV  
  29  3:16  Marine x2  
  29  3:18  SCV  
  29  3:19  Widow Mine  
  34  3:27  SCV  
  34  3:30  SCV  
  35  3:34  Marine x2  
  35  3:38  Medivac  
  35  3:39  SCV  
  35  3:40  Widow Mine  
  42  3:45  Supply Depot  
  42  3:46  SCV  
  43  3:51  SCV  
  43  3:53  Marine x2  
  46  4:05  SCV  
  46  4:06  SCV  
  46  4:08  Barracks x2  
  47  4:13  Supply Depot  
  47  4:17  SCV  
  47  4:18  Engineering Bay  
  47  4:19  SCV  
  47  4:21  Marine x2  
  47  4:23  Factory Tech Lab  
  51  4:24  Starport Tech Lab  
  51  4:28  Refinery  
  51  4:30  SCV  
  51  4:31  SCV  
  53  4:39  Marine  
  53  4:42  SCV  
  53  4:43  Marine  
  56  4:47  SCV  
  55  4:54  SCV  
  55  4:56  Terran Infantry Weapons Level 1  
  55  4:59  Marine, Supply Depot, SCV  
  55  5:01  Marine, Factory Reactor  
  55  5:02  Starport Reactor  
  55  5:07  SCV  
  58  5:08  Stimpack, Supply Depot, Combat Shield  
  58  5:11  SCV  
  58  5:12  Marauder x2  
  61  5:18  Marine  
  61  5:20  Marine, Refinery  
  63  5:25  SCV x2  
  63  5:28  Supply Depot  
  65  5:33  Marauder  
  65  5:34  Marauder  
  69  5:36  Marine  
  69  5:37  SCV x2  
  69  5:40  Medivac x2  
  69  5:42  Widow Mine  
  79  5:50  Widow Mine  
  79  5:51  SCV  
  79  5:54  Marine x2  
  82  5:57  SCV  
  82  6:06  Marauder x2  
  86  6:13  SCV  
  86  6:14  Marine, Medivac  
  86  6:17  Marine  
  86  6:20  Bunker  
  86  6:22  Medivac  
  86  6:27  Bunker, Concussive Shells  
  86  6:29  Marauder  
  85  6:32  Supply Depot  
  85  6:36  Widow Mine x2, Marauder  
  85  6:38  Marine x2  
  93  6:42  Supply Depot  
  91  6:50  Marauder  
  93  6:54  Medivac x2  
  93  6:56  Marine x2  
  93  6:57  Marauder  
  93  6:58  Supply Depot  
  101  7:04  Supply Depot  
  101  7:05  Widow Mine  
  101  7:07  SCV  
  101  7:10  Widow Mine  
  102  7:20  SCV x2, Marauder x2  
  102  7:21  Missile Turret  
  108  7:22  Terran Infantry Armor Level 1  
  108  7:24  Marine  
  109  7:33  Widow Mine  
  109  7:34  Widow Mine  
  113  7:43  Marine  
  113  7:44  Marauder x2  
  115  7:45  SCV  
  115  8:05  Marine  
  115  8:06  Marine, Command Center, Marauder x2  
  115  8:08  SCV  
  116  8:15  Viking x2  
  118  8:28  Supply Depot  
  118  8:29  Factory Reactor  
  118  8:32  Barracks x2  
  118  8:43  Supply Depot  
  118  8:49  Marine x2  
  118  8:50  SCV x2, Marauder x2  
  126  9:05  Viking x2, SCV x2  
  126  9:07  Supply Depot x2  
  132  9:11  Marauder  
  132  9:17  SCV x2  
  132  9:18  Starport  
  132  9:19  Orbital Command  
  134  9:24  Barracks Tech Lab  
  134  9:25  Marine x2  
  134  9:29  SCV x2  
  138  9:33  Armory  
  138  9:35  Viking  
  138  9:45  Viking  
  138  9:49  Marauder x3  
  138  9:50  Marine x3  
  148  9:56  SCV x2  
  146  10:02  Refinery  
  146  10:03  Viking x2, Refinery  
  146  10:06  Viking  
  148  10:14  Marauder x3  
  148  10:15  Marine x2  
  149  10:26  Marine x2  
  144  10:33  Marine  
Tags
 
Add a new tag
Caveats
  • Supply blocks, unpowered buildings, or Contaminate may cause inaccurate times.
  • Supply counts are checked every 10 seconds.